 Dungeon Crawl Stone Soup version 0.29.0-15-g675c0067aa (webtiles) character file.

Game seed: 16197961355782736649

11 qw the Sneak (level 2, -3/19 HPs)
             Began as a Gargoyle Delver on Sept 11, 2022.
             Slain by Duvessa
             ... wielding a +0 rapier
              (7 damage)
             ... on level 4 of the Dungeon.
             The game lasted 00:00:06 (798 turns).

qw the Sneak (Gargoyle Delver)                       Turns: 798, Time: 00:00:07

Health: -3/19      AC:  5    Str: 15    XL:     2   Next: 25%
Magic:  2/2        EV: 11    Int: 10    God:
Gold:   12         SH:  0    Dex: 11    Spells: 1/1 levels left

rFire   . . .      SeeInvis .   a - +0 hand axe
rCold   . . .      Faith    .   (no shield)
rNeg    + . .      Spirit   .   b - +0 leather armour
rPois   inf        Reflect  .   (no helmet)
rElec   +          Harm     .   (no cloak)
rCorr   .          Rampage  .   (no gloves)
Will    .....                   (no boots)
Stlth   +++.......              (no amulet)
HPRegen 0.06/turn               (no ring)
MPRegen 0.08/turn               (no ring)

@: no status effects
A: sickness immunity, AC +2, negative energy resistance 1, electricity
resistance, torment resistance 1, petrification resistance
a: no special abilities


You were on level 4 of the Dungeon.
You visited 1 branch of the dungeon, and saw 2 of its levels.

You collected 12 gold pieces.


Innate Abilities, Weirdness & Mutations

You are immune to sickness and miasma.
Your stone body is resilient. (AC +2)
You are immune to poison.
You resist negative energy. (rN+)
You are resistant to electric shocks. (rElec)
You are resistant to unholy torment.
You are immune to petrification.


   Skills:
 - Level 3.2 Fighting
 + Level 2.6 Axes
 - Level 1.5 Dodging
 - Level 5.4 Stealth


You had one spell level left.
You didn't know any spells.
Your spell library was empty.

Inventory:

Hand Weapons
 a - a +0 hand axe (weapon)
Armour
 b - a +0 leather armour (worn)
Wands
 g - a wand of digging (3)
Potions
 f - a potion of haste

Dungeon Overview and Level Annotations

Branches:
Dungeon (5/15)
 Temple: D:4-7

Altars:

Annotations:
D:4 Dowan, Duvessa


Message History

You barely miss the adder.
The adder is almost dead.
The adder bites you. The adder misses you.
You hit the adder.
You kill the adder!
Your Axes skill increases to level 2!
You have reached level 2!
You hit the endoplasm.
The endoplasm is severely wounded.
The endoplasm freezes you.
You are frozen.
You hit the endoplasm.
The endoplasm is almost dead.
The endoplasm closely misses you. The endoplasm hits you.
You hit the endoplasm.
You kill the endoplasm!
You start resting.
HP restored.
You see here an adder skeleton.
691 ||| Stepping ~*~*~tactically~*~*~ (hiding).
There is a stone staircase leading down here.
You start waiting.
Done waiting.
Dowan shouts!
Duvessa, Sister of Dowan comes into view.
She is wielding a +0 rapier.
You see here an adder skeleton.
793 ||| Stepping ~*~*~tactically~*~*~ (hiding).
There is a stone staircase leading down here.
Dowan points at you and mumbles some strange words.
You resist with significant effort.
Duvessa shouts!
You see here an adder skeleton.
Dowan points at you and mumbles some strange words.
The puff of flame hits you!
Ouch! That really hurt!
There is an open door here.
Duvessa hits you with a +0 rapier.
You closely miss Duvessa. You hit Dowan.
Dowan smirks and points a slender finger.
Dowan hits you with a +0 dagger. Duvessa hits you with a +0 rapier!
You die...

####.#####
........>#
####.###%#
##'#######
#........#
#.@......#
#.ee.....#
#?.......#
#........#
#....:...#
#........#
#........#
#........#


You could see Duvessa and Dowan.

Vanquished Creatures
  An adder (D:4)
  An endoplasm (D:4)
2 creatures vanquished.

Notes
Turn   | Place    | Note
-------+----------+-------------------------------------------
     0 | D:5      | qw the Gargoyle Delver began the quest for the Orb.
     0 | D:5      | Reached XP level 1. HP: 14/14 MP: 1/1
     0 | D:5      | 0 ||| qw: Version: 0.1-a-117-gfe26ee0
     0 | D:5      | 0 ||| qw: Game counter: 9984
     0 | D:5      | 0 ||| qw: Always use a shield: true
     0 | D:5      | 0 ||| qw: God list: Okawaru
     0 | D:5      | 0 ||| qw: Allow faded altars: false
     0 | D:5      | 0 ||| qw: Do Orc after D:15 true
     0 | D:5      | 0 ||| qw: Do second Lair branch before Depths: true
     0 | D:5      | 0 ||| qw: Lair rune preference: random
     0 | D:5      | 0 ||| qw: Plans: Normal
     0 | D:5      | 0 ||| PLANNING D:1-11
    11 | D:5      | 11 ||| DROPPING scroll of fog.
    12 | D:5      | 12 ||| DROPPING scroll of magic mapping.
    13 | D:5      | 13 ||| DROPPING scroll of fear.
    21 | D:4      | Noticed Dowan
    22 | D:4      | 22 ||| Stepping ~*~*~tactically~*~*~ (hiding).
   124 | D:4      | 124 ||| Stepping ~*~*~tactically~*~*~ (hiding).
   226 | D:4      | 226 ||| Stepping ~*~*~tactically~*~*~ (hiding).
   328 | D:4      | 328 ||| Stepping ~*~*~tactically~*~*~ (hiding).
   382 | D:4      | 382 ||| Stepping ~*~*~tactically~*~*~ (stealth).
   384 | D:4      | 384 ||| Stepping ~*~*~tactically~*~*~ (hiding).
   411 | D:4      | Reached XP level 2. HP: 6/19 MP: 2/2
   411 | D:4      | HP: 4/19 [frozen (2)]
   691 | D:4      | 691 ||| Stepping ~*~*~tactically~*~*~ (hiding).
   792 | D:4      | Noticed Duvessa
   793 | D:4      | 793 ||| Stepping ~*~*~tactically~*~*~ (hiding).
   798 | D:4      | HP: 4/19 [Dowan/+0 dagger (2)]
   798 | D:4      | Slain by Duvessa

Levels and vault maps discovered:
D:4:      layout_basic, dk_noncrumbling_3, uniq_blork_the_orc, uniq_duvessa,
          uniq_pikel
D:5:      layout_cave_pools, minmay_temple_entry_poolview, fountainhead,
          nicolae_concentric_dashed_squares_mild, uniq_eustachio

Skill      XL: |  1 |
---------------+----+-----
Axes           | 2 |  2.6
Fighting       | |  3.2
Dodging        | |  1.5
Stealth        | |  5.4

Action                   || total
-------------------------++-------
Melee: Hand axe          ||    27
Armor: Leather armour    ||    11
Dodge: Dodged            ||    18

Table legend:
 A = Non-vault XP
 B = Vault XP
 C = Vault XP percentage of total XP
 D = Non-vault monster count
 E = Vault monster count
 F = Vault count percentage of total count
                 A         B        C        D         E       F
            +---------+---------+-------+---------+---------+-------
      Total |      16 |       0 |   0.0 |       2 |       0 |   0.0
            +---------+---------+-------+---------+---------+-------
        D:4 |      16 |       0 |   0.0 |       2 |       0 |   0.0
            +---------+---------+-------+---------+---------+-------
